[Event "Early-Titled-Tuesday-Blitz-March-05-2024"]
[Site "Chess.com"]
[Date "2024.03.05"]
[Round "2"]
[White "AsterPhoenix"]
[Black "viniciusrego"]
[Result "1/2-1/2"]
[WhiteElo "2669"]
[BlackElo "2373"]
[TimeControl "180+1"]
[EndTime "8:17:18 PST"]
[Termination "Game drawn by stalemate"]

1. e4 c5 2. Nf3 d6 3. d4 cxd4 4.
Nxd4 Nf6 5. Nc3 Nc6 6. Bg5 e6 7. Qd2 a6 8. O-O-O Bd7 9. f3 Nxd4 10. Qxd4 b5 11. Kb1 Bc6 12. h4 Be7 13. g4 d5 14.
e5 Nd7 15. Bxe7 Qxe7 16. f4 h5 17. g5 g6 18. Bg2 b4 19. Ne2 Bb5 20. Nc1 Rc8 21.
Rd2 O-O 22. Bf1 Bxf1 23. Rxf1 a5 24. f5 exf5 25. Qxd5 Nc5 26. Qd6 Rfe8 27. Qxe7 Rxe7 28. Rd5 a4 29. Rf4 Ne4 30. Nd3 Rc4 31. b3 Nc3+ 32.
Kb2 a3+ 33. Ka1 Rxf4 34. Rd8+ Kg7 35. Nxf4 Rxe5 36. Nd3 Re4 37. Rb8 Rxh4 38. Nc1 Rh1 39. Rg8+ Kxg8 1/2-1/2

[Event "Early-Titled-Tuesday-Blitz-March-05-2024"]
[Site "Chess.com"]
[Date "2024.03.05"]
[Round "2"]
[White "ARMQUEEN"]
[Black "alexrustemov"]
[Result "0-1"]
[WhiteElo "2408"]
[BlackElo "2808"]
[TimeControl "180+1"]
[EndTime "8:17:18 PST"]
[Termination "alexrustemov won by resignation"]

1. e4 e6 2. d4 d5 3. Nc3 dxe4 4.
Nxe4 Bd7 5. Nf3 Bc6 6. Bd3 Nd7 7.
O-O Ngf6 8. Re1 Be7 9. b3 O-O 10. Bb2 a5 11. c4 a4 12. Qc2 axb3 13. axb3 h6 14. Ned2 b6 15. Bc3 Bb7 16. Qb2 c5 17.
Rxa8 Bxa8 18. Bb1 Re8 19. Qc2 Qc7 20. Ne5 cxd4 21. Bxd4 Bc5 22. Bc3 Nxe5 23. Bxe5 Qe7 24. Rd1 Rd8 25. h3 Bxf2+ 26. Kh2 Bd4 27. Bxf6 Qxf6 28.
Nf1 Be5+ 29. Kg1 Rxd1 30. Qxd1 Bd4+ 31. Kh1 Qf2 0-1

[Event "Early-Titled-Tuesday-Blitz-March-05-2024"]
[Site "Chess.com"]
[Date "2024.03.05"]
[Round "2"]
[White "betta2004"]
[Black "ActorXu"]
[Result "0-1"]
[WhiteElo "2563"]
[BlackElo "2850"]
[TimeControl "180+1"]
[EndTime "8:17:19 PST"]
[Termination "ActorXu won on time"]

1. e4 c5 2. Nc3 Nc6 3. Bb5 Nd4 4.
Nf3 a6 5. Bd3 Nc6 6. O-O e6 7.
Nd5 Bd6 8. Re1 exd5 9. exd5+ Nce7 10. b4 Nf6 11. c4 O-O 12. Bb2 Ng6 13. Qc2 b6 14.
Ng5 Bxh2+ 15. Kh1 Ng4 16. Nh3 d6 17. f3 Bg3 18. fxg4 Bxe1 19. Rxe1 Qh4 20. Re3 Bxg4 21. Qc3 f6 22. Bxg6 hxg6 23. Qd3 Rae8 24. Rxe8 Rxe8 25. Qxg6 Re1+ 26. Kh2 Bxh3 27. Bxf6 Qxf6 0-1

[Event "Early-Titled-Tuesday-Blitz-March-05-2024"]
[Site "Chess.com"]
[Date "2024.03.05"]
[Round "2"]
[White "el_sporco"]
[Black "Kildepiotr"]
[Result "0-1"]
[WhiteElo "2389"]
[BlackElo "2690"]
[TimeControl "180+1"]
[EndTime "8:17:19 PST"]
[Termination "Kildepiotr won by resignation"]

1. e4 g6 2. d4 Bg7 3. Nc3 c6 4.
g3 d5 5. exd5 cxd5 6. Bg2 Nf6 7.
Nge2 O-O 8. O-O Nc6 9. Nf4 e6 10. Nce2 b6 11. c4 Ba6 12. cxd5 Nxd5 13. Nxd5 exd5 14.
Be3 Rc8 15. Re1 Nb4 16. Nc3 Nd3 17. Re2 Nxb2 18. Rxb2 Rxc3 19. Qa4 Bc4 20. Qxa7 b5 21. a4 Qe8 22. Bf4 bxa4 23. Bd6 Rb3 24. Rd2 Qb5 25. Bxf8 Bxf8 26. h4 a3 27. Kh2 Rb2 28. Rdd1 Rxf2 29. Rxa3 Bxa3 30. Qxa3 Qe8 31. Rb1 Rxg2+ 32. Kxg2 Qe4+ 33.
Kh3 Qxb1 0-1

[Event "Early-Titled-Tuesday-Blitz-March-05-2024"]
[Site "Chess.com"]
[Date "2024.03.05"]
[Round "2"]
[White "kleinebeer98"]
[Black "Bulatova_Kamaliya"]
[Result "1-0"]
[WhiteElo "2889"]
[BlackElo "2412"]
[TimeControl "180+1"]
[EndTime "8:17:19 PST"]
[Termination "kleinebeer98 won by checkmate"]

1. a4 g6 2. Ra3 Bg7 3. Rg3 Nf6 4. e3 d5 5. Nc3 d4 6. exd4 Nc6 7. Bb5 O-O 8. Bxc6 bxc6 9. Nf3 Ba6 10. d3 Nh5 11. Rg5 Nf6 12. O-O h6 13. Rc5 Qd6 14. Re1 Ng4 15.
Ne4 Qd7 16. h3 Nf6 17. Ne5 Qe8 18. Nxf6+ exf6 19. Nxg6 Qd7 20. Nxf8 Bxf8 21. Rh5 Qxd4 22. Re4 Qd6 23. Rg4+ Kh7 24. Bxh6 Bxh6 25. Qd2 f5 26. Rgh4 f4 27. Rxh6+ Qxh6 28. Rxh6+ Kxh6 29. Qxf4+ Kg7 30. Qxc7 c5 31. Qxc5 Bb7 32. Qd4+ Kg6 33.
Qg4+ Kf6 34. Qf4+ Kg7 35. Qg5+ Kf8 36. h4 Re8 37. h5 Re1+ 38. Kh2 a5 39. h6 f5 40. Qg7+ Ke8 41. h7 Rh1+ 42. Kg3 Bxg2 43. h8=N Bd5 44. Ng6 Rg1+ 45. Kf4 Rg4+ 46. Ke5 Bf7 47.
Qf8+ Kd7 48. Qxf7+ Kc6 49. Ne7+ Kb6 50. Qxf5 Re4+ 51.
Qxe4 Ka6 52. Qc6+ Ka7 53. Qb5 Ka8 54. f4 Ka7 55. f5 Ka8 56. f6 Ka7 57. f7 Ka8 58. d4 Ka7 59. d5 Ka8 60. d6 Ka7 61. d7 Ka8 62. c4 Ka7 63. c5 Ka8 64. c6 Ka7 65. c7 Ka8 66. d8=N Ka7 67. c8=N+ Ka8 68.
Qb7# 1-0

[Event "Early-Titled-Tuesday-Blitz-March-05-2024"]
[Site "Chess.com"]
[Date "2024.03.05"]
[Round "2"]
[White "FMStan15"]
[Black "Masterbeaterr"]
[Result "0-1"]
[WhiteElo "2078"]
[BlackElo "2449"]
[TimeControl "180+1"]
[EndTime "8:17:21 PST"]
[Termination "Masterbeaterr won by resignation"]

1. e4 e5 2. Nf3 Nc6 3. Bb5 a6 4. Bxc6 dxc6 5. O-O Ne7 6. Nxe5 Qd4 7. Nf3 Qxe4 8. Re1 Qg4 9. h3 Qh5 10. Re5 Qg6 11. Rg5 Qd6 12. Qe2 Be6 13. d4 O-O-O 14. c3 h6 15. Rg3 Nf5 16. Rg4 g5 17. Re4 Bg7 18. Qd3 c5 19. Nbd2 cxd4 20. c4 c5 21. a3 Qc7 22. b4 Nd6 23. Re1 Bf5 24. Qb3 Rhe8 25. Bb2 Ne4 26. Nxe4 Bxe4 27. bxc5 Qxc5 28. Rad1 f5 29. a4 Kb8 30. Ba3 Qc6 31. c5 Bxf3 32. Qxf3 Qxf3 33. gxf3 Kc7 34. Bb4 Kc6 35. Ba5 Rxe1+ 36. Rxe1 Rd7 37. Bb6 d3 38. Rd1 Bc3 39. a5 d2 40. Kg2 Re7 0-1

[Event "Early-Titled-Tuesday-Blitz-March-05-2024"]
[Site "Chess.com"]
[Date "2024.03.05"]
[Round "2"]
[White "deepfear"]
[Black "JoliyRoger"]
[Result "0-1"]
[WhiteElo "1968"]
[BlackElo "2430"]
[TimeControl "180+1"]
[EndTime "8:17:21 PST"]
[Termination "JoliyRoger won on time"]

1. e4 c6 2. d4 d5 3. exd5 cxd5 4. Bd3 Nc6 5. c3 Qc7 6. Bg5 Nf6 7. Nd2 Bg4 8. Qb3 e6 9. Bxf6 gxf6 10. h3 Bh5 11.
Ngf3 Bg6 12. Bxg6 hxg6 13. a4 Bd6 14. Qb5 a6 15. Qd3 Kf8 16. O-O Kg7 17. b4 Ne7 18. b5 a5 19. c4 dxc4 20. Nxc4 Nd5 21.
Nxd6 Qxd6 22. Rfc1 Rac8 23. Nd2 Qf4 24. g3 Qg5 0-1

[Event "Early-Titled-Tuesday-Blitz-March-05-2024"]
[Site "Chess.com"]
[Date "2024.03.05"]
[Round "2"]
[White "yonaltimur"]
[Black "YoreDea"]
[Result "1-0"]
[WhiteElo "2362"]
[BlackElo "2542"]
[TimeControl "180+1"]
[EndTime "8:17:22 PST"]
[Termination "yonaltimur won by resignation"]

1. e4 e6 2. d4 d5 3. Nc3 Nf6 4. Bg5 Be7 5. e5 Ne4 6. Bxe7 Qxe7 7. Bd3 Nxc3 8. bxc3 c5 9. Qg4 g6 10. Nf3 c4 11.
Be2 h5 12. Qf4 Bd7 13. a4 Na6 14. h4 O-O-O 15. Qf6 Qxf6 16. exf6 Be8 17. Ne5 Rd6 18. Kd2 Nb8 19. g4 hxg4 20. Bxg4 Ra6 21. h5 gxh5 22. Rxh5 Rf8 23. a5 Nd7 24. Nxd7 Bxd7 25. Rah1 Rxa5 26.
Rh8 Re8 27. R1h7 Kd8 28. Bh5 Ra1 29. Bxf7 Rxh8 30. Rxh8+ Kc7 31. Bg6 Rf1 32. Ke2 Rg1 33. f7 Rxg6 34. f8=Q 1-0

[Event "Early-Titled-Tuesday-Blitz-March-05-2024"]
[Site "Chess.com"]
[Date "2024.03.05"]
[Round "2"]
[White "PawnEatingZombie"]
[Black "jeetjain"]
[Result "0-1"]
[WhiteElo "2189"]
[BlackElo "2475"]
[TimeControl "180+1"]
[EndTime "8:17:22 PST"]
[Termination "jeetjain won on time"]

1. e4 g6 2. d4 Bg7 3. Nc3 d6 4. Be3 c6 5. h4 h5 6. Nh3 b5 7. a3 a5 8. Ng5 Nd7 9. f3 Ngf6 10. Be2 Bb7 11. Qd2 e5 12. dxe5 Nxe5 13. Rd1 Bf8 14. O-O Be7 15. a4 b4 16. Na2 Nh7 17. Nc1 Nxg5 18. hxg5 O-O 19. f4 Ng4 20. Bxg4 hxg4 21. Qf2 Qc8 22. Qh4 c5 23. Kf2 f5 24.
Rh1 Kf7 25. Qh7+ Ke8 26. Qxg6+ Kd8 27. e5 Qc6 28. Rh2 d5 29. Qxc6 Bxc6 30. Ne2 d4 31. Bc1 Bxa4 32. b3 Bb5 33. Ng3 Kd7 34. Rh7 a4 35. bxa4 Bxa4 36. Rdh1 Bxc2 37. R1h6 Bb3 38.
Rd6+ Ke8 39. Rc6 Ra2+ 40. Kg1 Rxg2+ 41. Kxg2 Bd5+ 42. Kh2 Bxc6 0-1

[Event "Early-Titled-Tuesday-Blitz-March-05-2024"]
[Site "Chess.com"]
[Date "2024.03.05"]
[Round "2"]
[White "FoxOnTheRun97"]
[Black "Chessdude1987"]
[Result "1-0"]
[WhiteElo "2638"]
[BlackElo "2371"]
[TimeControl "180+1"]
[EndTime "8:17:24 PST"]
[Termination "FoxOnTheRun97 won on time"]

1. d4 e6 2. Bf4 f5 3. Nf3 Nf6 4. c4 Bb4+ 5. Nc3 Bxc3+ 6. bxc3 d6 7. g3 Qe7 8. Bg2 Nbd7 9. d5 e5 10. Bc1 O-O 11. O-O Nc5 12. Qc2 b6 13. Nd2 f4 14.
e4 g5 15. Ba3 g4 16. Bxc5 bxc5 17. f3 gxf3 18. Nxf3 Ng4 19. Qd2 Ne3 20. Rf2 Nxc4 21. Qe1 Bg4 22. Nh4 Ne3 23. Rb1 Qg7 24. h3 Bc8 25. g4 Nxg2 26. Rxg2 1-0

[Event "Early-Titled-Tuesday-Blitz-March-05-2024"]
[Site "Chess.com"]
[Date "2024.03.05"]
[Round "2"]
[White "JaloliddinIlkhomi"]
[Black "ChempionBg"]
[Result "1-0"]
[WhiteElo "2742"]
[BlackElo "2399"]
[TimeControl "180+1"]
[EndTime "8:17:24 PST"]
[Termination "JaloliddinIlkhomi won on time"]

1. Nf3 Nf6 2. d4 g6 3. Bg5 Bg7 4. Nbd2 d5 5. e3 c6 6. Bd3 O-O 7. O-O Bg4 8. c3 Nbd7 9. h3 Bxf3 10. Nxf3 h6 11. Bf4 Rc8 12. Ne5 Nxe5 13. Bxe5 Nd7 14. Bg3 e5 15. dxe5 Nxe5 16. Qc2 Nxd3 17. Qxd3 Re8 18. Rad1 h5 19. Rfe1 Qb6 20. Qd2 Re4 21.
f3 Re6 22. Bf2 Qa6 23. Qe2 Qxe2 24. Rxe2 Rce8 25. Rde1 Bh6 26. e4 dxe4 27. Rxe4 Rxe4 28. Rxe4 Rxe4 29. fxe4 Bc1 30. b3 a6 31. Kf1 Kf8 32.
Ke2 Ke7 33. Kd3 Ke6 34. Kd4 Bf4 35. Kc5 Bc7 36. a4 g5 37. Be3 g4 38. hxg4 hxg4 39.
Bf2 Kd7 40. Bd4 b6+ 41. Kc4 c5 42. Be3 Kc6 43. Kd3 b5 44. axb5+ axb5 45. c4 Be5 46.
Bd2 Bd6 47. Bc3 b4 48. Bf6 Kd7 49. Ke3 Ke6 50. Bg5 Be5 51. Bh6 Bb2 52. Bf8 Bd4+ 53. Kf4 Bf2 54. Kxg4 1-0

[Event "Early-Titled-Tuesday-Blitz-March-05-2024"]
[Site "Chess.com"]
[Date "2024.03.05"]
[Round "2"]
[White "Njal28"]
[Black "arenal72"]
[Result "1-0"]
[WhiteElo "3036"]
[BlackElo "2621"]
[TimeControl "180+1"]
[EndTime "8:17:25 PST"]
[Termination "Njal28 won by checkmate"]

1. e4 Nc6 2. Nf3 d6 3. d4 Nf6 4. Nc3 g6 5. Be3 Bg7 6. Qd2 a6 7. Bh6 O-O 8. h4 Bg4 9. Bxg7 Kxg7 10. Nh2 e5 11. d5 Nd4 12. Nxg4 Nxg4 13. Nd1 Nf6 14. Bd3 c6 15. c3 Nb5 16. h5 Nxh5 17. g3 cxd5 18. exd5 f5 19. Ne3 e4 20. Be2 Nf6 21. Ng2 Nc7 22. Qh6+ Kf7 23. Nf4 Qe7 24.
O-O-O Qe5 25. Bc4 b5 26. Bb3 Rac8 27. Ne6 Nxe6 28. dxe6+ Ke8 29. Qg7 a5 30. Rxh7 Rxc3+ 31. bxc3 Qxc3+ 32. Kb1 a4 33. Qe7# 1-0

[Event "Early-Titled-Tuesday-Blitz-March-05-2024"]
[Site "Chess.com"]
[Date "2024.03.05"]
[Round "2"]
[White "trriinu"]
[Black "Sofiia_Hryzlova"]
[Result "0-1"]
[WhiteElo "2243"]
[BlackElo "2496"]
[TimeControl "180+1"]
[EndTime "8:17:26 PST"]
[Termination "Sofiia_Hryzlova won on time"]

1. e4 d6 2. d4 Nf6 3. Nc3 Nbd7 4.
Be3 e5 5. d5 g6 6. Nge2 Bg7 7.
h3 c6 8. g4 Nc5 9. Bg2 O-O 10.
O-O cxd5 11. exd5 Bd7 12. Qd2 b5 13. a3 a5 14. Ng3 b4 15. Nce2 b3 16. c3 Rc8 17. g5 Ne8 18. f4 f5 19. gxf6 Nxf6 20.
f5 Qe8 21. fxg6 Qxg6 22. Bxc5 Rxc5 23. Qe3 Nxd5 24. Bxd5+ Rxd5 25. Kh2 Rd3 26. Qg1 Rff3 27. Rxf3 Rxf3 28. Rf1 e4 29. Qb6 Qe6 30. Qd8+ Bf8 31.
Qh4 Be7 32. Qxe4 Qxe4 33. Nxe4 Rxh3+ 34. Kg2 Re3 35. N2g3 d5 0-1

[Event "Early-Titled-Tuesday-Blitz-March-05-2024"]
[Site "Chess.com"]
[Date "2024.03.05"]
[Round "2"]
[White "Chessmissile07"]
[Black "karinachess1"]
[Result "1-0"]
[WhiteElo "2903"]
[BlackElo "2585"]
[TimeControl "180+1"]
[EndTime "8:17:27 PST"]
[Termination "Chessmissile07 won by resignation"]

1. a3 e5 2. e4 Nf6 3. Nc3 d5 4. exd5 Nxd5 5. Qf3 Nxc3 6. Bc4 Qf6 7. dxc3 Nc6 8. Be3 Qxf3 9. Nxf3 Bd6 10. O-O-O O-O 11.
Ng5 Bf5 12. f3 Rad8 13. g4 Bc8 14. Ne4 Be7 15. Bd5 a6 16. Bxc6 bxc6 17. Bc5 Bxc5 18. Nxc5 Rd5 19. b4 Rfd8 20. c4 R5d6 21. Ne4 Rd4 22.
c3 R4d7 23. Rxd7 Rxd7 24. Nc5 Re7 25. Rd1 Re8 26. Kd2 f6 27. Ke3 Kf7 28. a4 g6 29.
h4 h6 30. a5 g5 31. Rh1 Kg7 32. hxg5 hxg5 33. Ra1 Be6 34. Nxa6 Bxc4 35. Nxc7 Rc8 36. a6 Bxa6 37. Nxa6 Ra8 38. Ra5 Kg6 39. Nc5 Rh8 40. Ra6 Rc8 41. Ne4 Kf7 42. Nd6+ 1-0

[Event "Early-Titled-Tuesday-Blitz-March-05-2024"]
[Site "Chess.com"]
[Date "2024.03.05"]
[Round "2"]
[White "littlepinkyboy"]
[Black "Coach_Istvanovszki"]
[Result "0-1"]
[WhiteElo "2679"]
[BlackElo "2442"]
[TimeControl "180+1"]
[EndTime "8:17:27 PST"]
[Termination "Coach_Istvanovszki won by checkmate"]

1. e4 c5 2. Nf3 d6 3. d4 cxd4 4. Nxd4 Nf6 5. Nc3 g6 6. Be3 Nc6 7. f3 h5 8. Qd2 Nxd4 9. Bxd4 Bh6 10. Be3 Bxe3 11. Qxe3 Be6 12. O-O-O Qa5 13. Kb1 Rc8 14. Bb5+ Kf8 15. e5 dxe5 16. Qxe5 a6 17. a3 axb5 18. g4 hxg4 19. fxg4 Rh3 20. g5 Ng4 21. Qd4 Ne3 22.
Rd3 Nf5 23. Qe5 Rh4 24. Rhd1 Kg8 25. Ne4 Qc7 26. Rd8+ Rxd8 27. Qxc7 Rxd1# 0-1

[Event "Early-Titled-Tuesday-Blitz-March-05-2024"]
[Site "Chess.com"]
[Date "2024.03.05"]
[Round "2"]
[White "Lennis93"]
[Black "ural58"]
[Result "1-0"]
[WhiteElo "2722"]
[BlackElo "2501"]
[TimeControl "180+1"]
[EndTime "8:17:32 PST"]
[Termination "Lennis93 won by resignation"]

1. d4 d5 2. Nf3 Nc6 3. g3 Bf5 4. Bg2 Nb4 5. Na3 e6 6. c3 Nc6 7. Nc2 h6 8. O-O Nf6 9. a4 Be7 10. a5 a6 11. Nce1 O-O 12. Nd3 Nd7 13. Nd2 Bh7 14.
e4 dxe4 15. Nxe4 f5 16. Nd2 e5 17. Qb3+ Kh8 18. Qxb7 Na7 19. Qxa8 Qxa8 20. Bxa8 Rxa8 21. Nxe5 Nxe5 22. dxe5 f4 23. gxf4 Nc6 24. Nf3 Rf8 25. Be3 g5 26. Ra4 Bd3 27. Re1 Bb5 28. Rea1 Bxa4 29.
Rxa4 Rb8 30. Bc1 Na7 31. fxg5 hxg5 32. Rc4 c6 33. b4 Rd8 34. Be3 Nb5 35. Rxc6 g4 36.
Nd4 Nxd4 37. Bxd4 Bxb4 38. e6+ Kg8 39. cxb4 Rxd4 40. Rc8+ 1-0

[Event "Early-Titled-Tuesday-Blitz-March-05-2024"]
[Site "Chess.com"]
[Date "2024.03.05"]
[Round "2"]
[White "toninhojit"]
[Black "Meri-Arabidze"]
[Result "0-1"]
[WhiteElo "2500"]
[BlackElo "2721"]
[TimeControl "180+1"]
[EndTime "8:17:33 PST"]
[Termination "Meri-Arabidze won by resignation"]

1. d4 f5 2. g3 Nf6 3. Bg2 e6 4. b3 c6 5. Nh3 d6 6. O-O Be7 7. c4 O-O 8. Nc3 Qe8 9. e4 e5 10. dxe5 dxe5 11. exf5 Bxf5 12. Ng5 Na6 13. Nge4 Nc5 14.
Qe2 Ne6 15. Nxf6+ Bxf6 16. Ne4 Nd4 17. Nxf6+ Rxf6 18. Qb2 Bd3 19. Rd1 Be2 20. Re1 Nf3+ 21. Bxf3 Bxf3 22. Bg5 Qh5 23. h4 Qg4 24. Kh2 Rf7 25.
Rxe5 Raf8 26. Rae1 h6 27. Be3 b6 28. Qd4 Qg6 29.
Bf4 Rxf4 30. h5 Qg4 31. Re7 Rxd4 0-1

[Event "Early-Titled-Tuesday-Blitz-March-05-2024"]
[Site "Chess.com"]
[Date "2024.03.05"]
[Round "2"]
[White "nickmatta"]
[Black "Witty_Alien"]
[Result "1-0"]
[WhiteElo "2529"]
[BlackElo "2323"]
[TimeControl "180+1"]
[EndTime "8:17:35 PST"]
[Termination "nickmatta won by resignation"]

1. b3 a5 2. Bb2 a4 3. bxa4 Rxa4 4.
Nc3 Rb4 5. Rb1 Nf6 6. Nf3 b6 7. d4 Bb7 8. a3 Rc4 9. e3 Rc6 10. d5 Rd6 11. e4 Nc6 12. Nb5 Na5 13. Bd3 Ng4 14. Nxd6+ exd6 15. O-O Be7 16. Bxg7 Rg8 17. Bc3 Ba8 18. Nd4 Bf6 19. Be2 h5 20. Bxa5 Be5 21.
Bxg4 Qh4 22. g3 Rxg4 23. Nf5 Qg5 24. Bd2 Qg6 25. f3 Bxg3 26. fxg4 Bxh2+ 27. Kxh2 hxg4 28. Kg2 Qh5 29. Rh1 1-0

[Event "Early-Titled-Tuesday-Blitz-March-05-2024"]
[Site "Chess.com"]
[Date "2024.03.05"]
[Round "2"]
[White "Smoking_Crow"]
[Black "carloseduar100"]
[Result "1-0"]
[WhiteElo "2610"]
[BlackElo "2365"]
[TimeControl "180+1"]
[EndTime "8:17:37 PST"]
[Termination "Smoking_Crow won by checkmate"]

1. d4 d5 2. c4 e5 3. dxe5 d4 4. Nf3 Nc6 5. Bg5 Be7 6. Bxe7 Ngxe7 7.
g3 Bg4 8. Bg2 Ng6 9. O-O Qd7 10.
Nbd2 h5 11. Ne4 h4 12. Nc5 Qc8 13. Nxd4 hxg3 14. Nxc6 Rxh2 15. e6 Nf4 16. Qd7+ Qxd7 17.
exd7+ Bxd7 18. fxg3 Rxg2+ 19. Kh1 Bxc6 20. e4 O-O-O 21.
Rxf4 Rxg3 22. Rh4 Rd2 23. Rf1 Kd8 24. Rxf7 Re3 25. Rh8+ Be8 26. Ne6+ Kc8 27. Rxe8+ Rd8 28. Rxd8# 1-0

[Event "Early-Titled-Tuesday-Blitz-March-05-2024"]
[Site "Chess.com"]
[Date "2024.03.05"]
[Round "2"]
[White "subham777"]
[Black "ChessQueen"]
[Result "0-1"]
[WhiteElo "2533"]
[BlackElo "2778"]
[TimeControl "180+1"]
[EndTime "8:17:38 PST"]
[Termination "ChessQueen won by checkmate"]

1. e4 c6 2. c4 d5 3. cxd5 cxd5 4. exd5 Nf6 5. Nf3 Nxd5 6. Nc3 Nxc3 7. bxc3 g6 8. d4 Bg7 9. Bc4 O-O 10. O-O Nc6 11.
Re1 Na5 12. Bd3 Be6 13. Ba3 Re8 14. Bb4 Nc6 15. Ba3 Qa5 16. Bb2 Rad8 17. Rxe6 fxe6 18. Qb3 Kh8 19. h4 Qd5 20. Bc4 Qh5 21. Ng5 Bf6 22. Nf7+ Kg7 23. Nxd8 Rxd8 24. Bxe6 Bxh4 25. Qxb7 Bxf2+ 26. Kxf2 Qh2 27. Bg4 Rb8 28. Qxc6 Rxb2+ 29. Ke3 Rxg2 30. Bf3 Rb2 31. Qe4 Qd2# 0-1

[Event "Early-Titled-Tuesday-Blitz-March-05-2024"]
[Site "Chess.com"]
[Date "2024.03.05"]
[Round "2"]
[White "dianamirza"]
[Black "emeli_chess"]
[Result "0-1"]
[WhiteElo "1995"]
[BlackElo "2439"]
[TimeControl "180+1"]
[EndTime "8:17:39 PST"]
[Termination "emeli_chess won by resignation"]

1. d4 Nf6 2. Nf3 d5 3. e3 c5 4.
b3 Nc6 5. Bb2 cxd4 6. exd4 Bg4 7. c4 Qa5+ 8. Bc3 Qc7 9. Be2 e6 10.
Ne5 Bxe2 11. Qxe2 Bb4 12. O-O O-O 13. a3 Bxc3 14. Nxc3 Nxd4 15. Qd3 Qxe5 16. Rfe1 Qf4 17. cxd5 exd5 18. Re3 Nc6 19. Rf3 Qd4 20. Qf5 Qe5 21. Qh3 Rfe8 22. g3 d4 23. Rf5 Qe6 24. Nb5 g6 25. Nc7 Qxf5 26. Qxf5 gxf5 27. Nxa8 Rxa8 28. Rd1 Rd8 29. b4 d3 30. b5 Ne5 31. a4 0-1

[Event "Early-Titled-Tuesday-Blitz-March-05-2024"]
[Site "Chess.com"]
[Date "2024.03.05"]
[Round "2"]
[White "Azalea95"]
[Black "ReadySkate"]
[Result "0-1"]
[WhiteElo "2344"]
[BlackElo "2579"]
[TimeControl "180+1"]
[EndTime "8:17:40 PST"]
[Termination "ReadySkate won on time"]

1. e4 c5 2. Nf3 e6 3. g3 d5 4. exd5 exd5 5. Bg2 Nc6 6. O-O Be7 7. d4 Nf6 8. h3 O-O 9. Re1 h6 10. Nc3 Bf5 11.
Be3 c4 12. Ne5 Rc8 13. Rc1 Bd6 14. Nxd5 Nxd5 15. Bxd5 Nxe5 16. dxe5 Bxe5 17. Bxa7 Bxb2 18. Rb1 c3 19. g4 Bg6 20. Be3 Qc7 21. Bb3 Ba3 22.
Qf3 Rfe8 23. Bf4 Bd6 24. Bxd6 Qxd6 25. Qxb7 Qd2 26. Red1 Qe2 27. Re1 Qd2 28. Red1 Qf4 29. Qg2 Be4 30. Qg3 Qf6 31. Re1 Bg6 32. Re3 Rxe3 33. Qxe3 Rd8 34. Re1 Kh7 35. Qe5 Rd1 36.
Qe3 Rd2 37. Re2 Qd6 38. Kg2 Qc6+ 39. Kg1 Rd1+ 40. Re1 Rd2 41. Re2 Qd6 42. Re1 Qf6 43. Re2 Rd4 44. Qe5 Rd1+ 45. Kg2 Qc6+ 46. f3 Rd2 47.
Qe3 Qd6 0-1

[Event "Early-Titled-Tuesday-Blitz-March-05-2024"]
[Site "Chess.com"]
[Date "2024.03.05"]
[Round "2"]
[White "SahibSinghKnight"]
[Black "Igor_Lysyj"]
[Result "1/2-1/2"]
[WhiteElo "2568"]
[BlackElo "2841"]
[TimeControl "180+1"]
[EndTime "8:17:41 PST"]
[Termination "Game drawn by repetition"]

1. e4 e5 2. Nf3 Nc6 3. Bb5 a6 4. Ba4 Nf6 5. O-O Nxe4 6. d4 b5 7. Bb3 d5 8. dxe5 Be6 9. Nbd2 Be7 10. c3 Qd7 11. Bc2 Bf5 12. Re1 Rd8 13. Nxe4 Bxe4 14. Bxe4 dxe4 15. Qxd7+ Rxd7 16. Rxe4 Rd1+ 17. Re1 Rxe1+ 18.
Nxe1 Nxe5 19. Bf4 Bd6 20. Bxe5 Bxe5 21. Nd3 Bd6 22. a4 Kd7 23. axb5 axb5 24. Ra5 Kc6 25. Kf1 Re8 26. h3 f5 27. Ra6+ Kb7 28. Ra5 Kb6 29. Ra1 g6 30. b3 Kc6 31. Ra6+ Kb7 32. Ra5 c6 33. c4 bxc4 34. bxc4 Kb6 35. Ra2 Kb7 36.
Rb2+ Kc7 37. c5 Bf8 38. Ra2 Rb8 39. Ra7+ Rb7 40. Ra8 Bg7 41. Rg8 Bd4 42. Rf8 Ra7 43.
Rf7+ Kb8 44. Rf8+ Kb7 45. Rf7+ Kb8 46. Rf8+ Kb7 47. Rf7+ Kb8 1/2-1/2

[Event "Early-Titled-Tuesday-Blitz-March-05-2024"]
[Site "Chess.com"]
[Date "2024.03.05"]
[Round "2"]
[White "Szachulec75"]
[Black "LionelMessiFCB"]
[Result "0-1"]
[WhiteElo "2209"]
[BlackElo "2477"]
[TimeControl "180+1"]
[EndTime "8:17:41 PST"]
[Termination "LionelMessiFCB won on time"]

1. Nf3 g6 2. g3 Bg7 3. Bg2 e5 4. d3 d5 5. O-O Ne7 6. Nbd2 O-O 7. e4 c6 8. Re1 Nd7 9. b3 d4 10. a4 b5 11. Ba3 a5 12. h3 b4 13. Bc1 Nb6 14. Nc4 Nxc4 15. dxc4 Kh8 16. Rf1 Bb7 17. Ne1 f5 18. exf5 gxf5 19. Nd3 Qd6 20. Qh5 Ng6 21. Bd2 e4 22. Nf4 Rae8 23. c5 Nxf4 24.
cxd6 Nxh5 25. Rae1 Nf6 26. g4 c5 27. gxf5 Re5 28.
Bg5 Rg8 29. f4 Rxf5 30. Kh2 Re8 31. h4 Ng4+ 32. Kg3 Nf6 33. Bh3 Rd5 34. Bxf6 Bxf6 35. d7 Rg8+ 36. Kh2 e3 37. Be6 Rd6 38. Bxg8 Kxg8 39.
Kg3 Rxd7 40. f5 Rg7+ 41. Kf4 Bxh4 0-1

[Event "Early-Titled-Tuesday-Blitz-March-05-2024"]
[Site "Chess.com"]
[Date "2024.03.05"]
[Round "2"]
[White "Let_it_be_1"]
[Black "Christ_is_alive"]
[Result "0-1"]
[WhiteElo "2571"]
[BlackElo "2367"]
[TimeControl "180+1"]
[EndTime "8:17:42 PST"]
[Termination "Christ_is_alive won by checkmate"]

1. e4 c5 2. Nf3 Nc6 3. d4 cxd4 4. Nxd4 Nf6 5. Nc3 d6 6. Be2 e5 7. Nb3 Be7 8. O-O O-O 9. f4 a5 10. a4 Nb4 11. Kh1 exf4 12. Bxf4 d5 13. e5 Ne4 14. Nd4 Bc5 15. Ncb5 Qh4 16. g3 Qe7 17. c3 Nc6 18. Nxc6 bxc6 19. Nd4 Bh3 20. Nxc6 Qb7 21. Bb5 Bxf1 22. Qxf1 Rac8 23. Nd4 Bxd4 24. cxd4 Rc2 25. Rc1 Rfc8 26. Rxc2 Rxc2 27. b3 Qc8 28. Bd3 Rb2 29.
Bxe4 dxe4 30. Qc4 Qh3 31. d5 Qg2# 0-1

[Event "Early-Titled-Tuesday-Blitz-March-05-2024"]
[Site "Chess.com"]
[Date "2024.03.05"]
[Round "2"]
[White "Der_Balak_3Halak"]
[Black "JosephRyan"]
[Result "1-0"]
[WhiteElo "2471"]
[BlackElo "2186"]
[TimeControl "180+1"]
[EndTime "8:17:43 PST"]
[Termination "Der_Balak_3Halak won by resignation"]

1. b3 b6 2. Bb2 Bb7 3. Nf3 Nf6 4. e3 e6 5. Be2 Be7 6. O-O O-O 7. c4 c5 8. d4 cxd4 9. Nxd4 Nc6 10. Bf3 Qc8 11.
Nc3 Nxd4 12. exd4 Bxf3 13. Qxf3 Rb8 14. Rac1 Qb7 15. d5 e5 16. Ne4 d6 17. Rfe1 Nxe4 18. Qxe4 f5 19. Qd3 g6 20. Re3 Bf6 21. Rh3 Qc7 22.
Re1 e4 23. Qc2 Bxb2 24. Qxb2 Qg7 25. Re2 Qxb2 26. Rxb2 Kg7 27. Kf1 Rfe8 28. Ke2 b5 29.
Rc2 Rec8 30. Ke3 bxc4 31. bxc4 Rb1 32. Kd4 Rd1+ 33. Ke3 Rd3+ 34. Ke2 Rxh3 35. gxh3 Kf6 36. f4 exf3+ 37. Kxf3 g5 38. Ke3 Ke5 39. Kd3 h6 40.
Re2+ Kf6 41. Kd4 Rb8 42. Re6+ Kg7 43. Rxd6 Rb2 44. Rd7+ Kg6 45. Rxa7 f4 46. d6 f3 47. d7 f2 48. Ra6+ Kh5 49. d8=Q Rd2+ 50. Kc3 Rxd8 51.
Rf6 Ra8 52. Rxf2 Ra3+ 53. Kb4 Rxh3 54. c5 Rf3 55. Rxf3 1-0

[Event "Early-Titled-Tuesday-Blitz-March-05-2024"]
[Site "Chess.com"]
[Date "2024.03.05"]
[Round "2"]
[White "RCone"]
[Black "goodnigth"]
[Result "1-0"]
[WhiteElo "2436"]
[BlackElo "1966"]
[TimeControl "180+1"]
[EndTime "8:17:43 PST"]
[Termination "RCone won on time"]

1. e4 c5 2. Nf3 d6 3. d4 cxd4 4. Nxd4 Nf6 5. Nc3 g6 6. f3 Bg7 7. Be3 O-O 8. Qd2 Nc6 9. O-O-O d5 10. Nxc6 bxc6 11. e5 Nd7 12. Bh6 Nxe5 13. Bxg7 Kxg7 14. h4 f6 15. h5 Nf7 16. hxg6 hxg6 17. g4 Rh8 18. Bd3 Bd7 19. Rxh8 Qxh8 20. Qg2 Qh6+ 21. Kb1 Rh8 22. Qe2 e5 23. Na4 Qh2 24. Qe1 Ng5 25.
Nc5 Bc8 26. Qa5 e4 27. fxe4 Bxg4 28. Qxa7+ Nf7 29. Rc1 Qb8 30. Qa6 dxe4 31. Bxe4 Qb5 32.
Qa3 Rb8 33. Nb3 f5 34. Bd3 1-0